 Dungeon Crawl Stone Soup version 0.32-a0-791-gfc315c9ecd (webtiles) character file.

Game seed: 798796084665087741

189 HC7 the Digger (level 5, -1/39 HPs)
             Began as a Draconian Earth Elementalist on Mar 20, 2024.
             Killed from afar by Ijyb (14 damage)
             ... with a bolt of acid
             ... on level 3 of the Dungeon.
             The game lasted 00:14:27 (2357 turns).

HC7 the Digger (Draconian Earth Elementalist)       Turns: 2357, Time: 00:14:29

Health: -1/39      AC:  5    Str: 10    XL:     5   Next: 40%
Magic:  7/10       EV: 11    Int: 17    God:
Gold:   69         SH:  0    Dex: 12    Spells: 6/10 levels left

rFire   . . .        e - +2 dagger (flame)
rCold   . . .        (no shield)
rNeg    . . .        (body armour unavailable)
rPois   .            (helmet restricted)
rElec   .            (no cloak)
rCorr   .            (no gloves)
SInv    .            (no boots)
Will    .....        (no amulet)
Stlth   ++           f - +4 ring of protection
HPRegen 0.26/turn    (no ring)
MPRegen 0.12/turn

%: no passive effects
@: corroded
A: AC +5, unfitting armour, cold-blooded
a: no special abilities


You were on level 3 of the Dungeon.
You visited 1 branch of the dungeon, and saw 3 of its levels.

You collected 69 gold pieces.

Inventory:

Hand Weapons
 e - a +2 dagger of flaming (weapon)
Magical Staves
 i - a staff of cold
Jewellery
 f - a +4 ring of protection (left hand)
 h - a ring of ice
Scrolls
 c - 5 scrolls of identify
 d - a scroll of noise
 j - a scroll of vulnerability {unknown}
 k - a scroll of silence {unknown}
Potions
 a - 2 potions of magic
 b - 2 potions of curing
 g - a potion of enlightenment {unknown}


   Skills:
 + Level 0.7 Fighting
 + Level 0.4 Short Blades
 + Level 2.3 Dodging
 * Level 3.0 Stealth
 + Level 3.3 Spellcasting
 + Level 1.0 Conjurations
 + Level 4.1 Earth Magic


You had 6 spell levels left.
You knew the following spells:

 Your Spells              Type           Power      Damage    Failure   Level
a - Sandblast             Erth           34%        2d9       3%          1
b - Passwall              Erth           17%        N/A       9%          3

Your spell library contained the following spells:

 Spells                   Type           Power      Damage    Failure   Level
 Stone Arrow              Conj/Erth      22%        3d8       17%         3
 Ensorcelled Hibernation  Hex/Ice        4%         N/A       26%         2
 Swiftness                Air            2%         N/A       45%         3
 Brom's Barrelling Bould  Conj/Erth      11%        2d3       50%         4
 Petrify                  Alch/Erth      9%         N/A       56%         4


Dungeon Overview and Level Annotations

Branches:
Dungeon (3/15)

Altars:
Qazlal

Annotations:
D:2 Sigmund
D:3 Ijyb


Innate Abilities, Weirdness & Mutations

Your plain brown scales are hard. (AC +5)
You cannot fit into any form of body armour.
You are cold-blooded and may be slowed by cold attacks.


Message History

You kill the hobgoblin!
Your magical contamination has completely faded away.
Magic restored.
Found a pair of gloves.
You see here a +0 pair of gloves.
Ijyb the Inquisitive comes into view.
She is wielding a +2 spectral club and carrying a wand of acid.
Casting: Sandblast (safe; 3% risk of failure)
Confirm with . or Enter, or press ? or * to list all spells.
Okay, then.
Okay, then.
Ijyb shouts!
Casting: Sandblast (safe; 3% risk of failure)
Confirm with . or Enter, or press ? or * to list all spells.
You can't see any susceptible monsters within range! (Use Z to cast anyway.)
Casting: Sandblast (safe; 3% risk of failure)
Confirm with . or Enter, or press ? or * to list all spells.
Aiming: Sandblast (safe; 3% risk of failure)
Press: ? - help, Shift-Dir - straight line, f - Ijyb
Aim: Ijyb, wielding a +2 spectral club, wearing a +0 ring mail and carrying a wand of acid (80% to hit)
The blast of sand hits Ijyb but does no damage.
Ijyb zaps a wand.
The bolt of acid hits you! The acid corrodes you!
Casting: Sandblast (safe; 3% risk of failure)
Confirm with . or Enter, or press ? or * to list all spells.
Aiming: Sandblast (safe; 3% risk of failure)
Press: ? - help, Shift-Dir - straight line, f/p - Ijyb
Aim: Ijyb, wielding a +2 spectral club, wearing a +0 ring mail and carrying a wand of acid (80% to hit)
The blast of sand hits Ijyb.
Ijyb is lightly wounded.
Ijyb zaps a wand.
The bolt of acid misses you.
Ijyb zaps a wand.
The bolt of acid hits you!
Casting: Sandblast (safe; 3% risk of failure)
Confirm with . or Enter, or press ? or * to list all spells.
Aiming: Sandblast (safe; 3% risk of failure)
Press: ? - help, Shift-Dir - straight line, f/p - Ijyb
Aim: Ijyb, wielding a +2 spectral club, wearing a +0 ring mail and carrying a wand of acid (lightly wounded, 80% to hit)
The blast of sand hits Ijyb.
Ijyb is lightly wounded.
Ijyb zaps a wand.
The bolt of acid hits you!
You die...
Ijyb screams, "Time for next experiment!"

.# #○...°#.##.######.####
####.####.†...#)#### #>#
##.[..#....._....# ####.######
.....##.##.....#.#### #..........
##...##.##....§#.##.###........#.
...#.##..###†###...............#.
#.###.........[..................
##.#.##........................#.
.†. #####.##..@##.#.#........#.
.....# #.##...##.#.#..........
##.### #.##...##.#.######..###
..# #.##...##.#.# ##..# .#.#
#.##g..##.#.# ##...## . .#
#.##...##.#.####.###.##
#.........#......###...
###.##########.#....# ##.[#..#


You could see Ijyb.

Vanquished Creatures
  Terence (D:2)
  Natasha (thrice) (D:2)
  4 adders
  A ribbon worm (D:2)
  An endoplasm (D:1)
  A giant cockroach (D:3)
  7 goblins
  5 hobgoblins
  9 jackals (D:1)
  2 kobolds
  A quokka (D:1)
  4 ball pythons
  5 bats
  2 frilled lizards (D:1)
  6 rats
52 creatures vanquished.

Notes
Turn   | Place    | Note
-------+----------+-------------------------------------------
     0 | D:1      | HC7 the Draconian Earth Elementalist began the quest for
                  | the Orb.
     0 | D:1      | Reached XP level 1. HP: 14/14 MP: 3/3
   252 | D:1      | Reached XP level 2. HP: 20/20 MP: 1/5
   980 | D:1      | Reached XP level 3. HP: 26/26 MP: 2/6
  1239 | D:2      | Noticed Sigmund
  1420 | D:2      | Noticed Terence
  1461 | D:2      | Killed Terence
  1462 | D:2      | Reached XP level 4. HP: 18/34 MP: 3/8
  1622 | D:2      | Learned a level 3 spell: Passwall
  1644 | D:2      | Noticed Natasha
  1649 | D:2      | Killed Natasha
  1711 | D:2      | Noticed Natasha
  1728 | D:2      | Killed Natasha
  1736 | D:2      | Noticed Natasha
  1743 | D:2      | Killed Natasha
  1744 | D:2      | Reached skill level 4 in Earth Magic
  1744 | D:2      | Reached XP level 5. HP: 39/39 MP: 1/9
  1877 | D:2      | Found a faded altar of an unknown god.
  2208 | D:3      | Found a stormy altar of Qazlal.
  2352 | D:3      | Noticed Ijyb
  2357 | D:3      | Killed from afar by Ijyb

Illustrated notes

Levels and vault maps discovered:
D:1:      matt_arrival_refuge, layout_loops_ring, minmay_quantized
D:2:      layout_rooms, chequers_ecumenical_altar_simple_redux,
          serial_bayou_pond_e, uniq_sigmund, uniq_terence, uniq_natasha
D:3:      layout_loops_cross, nicolae_ru_sacrificial_ziggurat,
          grunt_qazlal_clouds, uniq_ijyb

Skill      XL: |  1  2  3  4  5 |
---------------+----------------+-----
Stealth        | 2 3 |  3.0
Dodging        | 2 |  2.3
Spellcasting   | 3 |  3.3
Earth Magic    | 4 |  4.1
Fighting       | |  0.7
Short Blades   | |  0.4
Conjurations   | |  1.0

Action                     |  1- 3 |  4- 6 || total
---------------------------+-------+-------++-------
  Melee: Dagger            |    50 |    28 ||    78
         Unarmed           |     2 |       ||     2
         Tailslap          |     7 |     2 ||     9
   Cast: Sandblast         |    38 |    29 ||    67
    Use: Scroll            |     4 |     1 ||     5
         Potion            |       |     1 ||     1
 Armour: Skin              |    68 |    48 ||   116
  Dodge: Dodged            |    70 |    36 ||   106

Table legend: (Time is in decaauts)
 A = Elapsed time spent in this place.
 B = Non-inter-level travel time spent in this place.
 C = Inter-level travel time spent in this place.
 D = Time resting spent in this place.
 E = Time spent auto-exploring this place.
 F = Levels seen in this place.
 G = Mean time per level.
                   A        B        C        D        E       F      G
               +--------+--------+--------+--------+--------+-----+--------+
         Total |   2390 |   2243 |    147 |      0 |    880 |   3 |  796.7 |
       Dungeon |   2390 |   2243 |    147 |      0 |    880 |   3 |  796.7 |
               +--------+--------+--------+--------+--------+-----+--------+

Top non-repeatable levels by time:
     D:1: 1369 daAuts
     D:2: 715 daAuts
     D:3: 304 daAuts
